 Dungeon Crawl Stone Soup version 0.20.0-6-gd3061e9 (webtiles) character file.

41188 anfisbena the Severer (level 14, -5/121 HPs)
             Began as a Hill Orc Fighter on May 28, 2017.
             Was a Priest of Uskayaw.
             Slain by a death yak (7 damage)
             ... on level 6 of the Lair of Beasts.
             The game lasted 00:26:22 (21939 turns).

anfisbena the Severer (Hill Orc Fighter)           Turns: 21939, Time: 00:26:23

Health: -5/121     AC: 19    Str: 20    XL:     14   Next: 14%
Magic:  23/23      EV:  2    Int:  8    God:    Uskayaw [***...]
Gold:   1087       SH:  0    Dex: 14    Spells: 13/13 levels left

rFire    + . .     SeeInvis .   a - +1 war axe (flame)
rCold    . . .     Gourm    .   c - +0 shield
rNeg     + + +     Faith    .   s - +2 scale mail {rPois}
rPois    ∞         Spirit   .   D - +2 hat
rElec    .         Reflect  +   r - +2 cloak
rCorr    .         Harm     .   (no gloves)
MR       +....                  z - +2 pair of boots of the Assassin {Detection Stab+ Stlth++}
Stlth    +++++.....             o - +3 amulet of reflection
Regen    0.3/turn               e - ring of stealth
MPRegen  0.2/turn               d - ring of protection from fire

@: petrified
A: no striking features
a: Stomp, Line Pass, Renounce Religion


You were on level 6 of the Lair of Beasts.
You worshipped Uskayaw.
Uskayaw was pleased with you.
You were not hungry.

You visited 3 branches of the dungeon, and saw 17 of its levels.
You also visited: Labyrinth.

You collected 1087 gold pieces.

Inventory:

Hand Weapons
 a - a +1 war axe of flaming (weapon)
Armour
 c - a +0 shield (worn)
 r - a +2 cloak (worn)
 s - a +2 scale mail of poison resistance (worn)
 z - the +2 pair of boots of the Assassin (worn) {Detection Stab+ Stlth++}
   (You found it on level 6 of the Dungeon)

   It makes you much more stealthy.
 D - a +2 hat (worn)
 K - +0 fire dragon scales
Jewellery
 d - a ring of protection from fire (right hand)
 e - a ring of stealth (left hand)
 o - a +3 amulet of reflection (around neck)
Wands
 i - a wand of random effects (20/48)
 t - a wand of disintegration (12/24)
Scrolls
 k - 9 scrolls of teleportation
 l - 6 scrolls of fog
 m - 2 scrolls of blinking
 n - 6 scrolls of amnesia
 p - 8 scrolls of remove curse
 y - a scroll of enchant armour
 C - a scroll of identify
 F - 2 scrolls of magic mapping
 I - 3 scrolls of recharging
Potions
 b - 3 potions of curing
 g - a potion of invisibility
 h - 2 potions of flight
 q - 2 potions of mutation
 w - 2 potions of haste
 x - a potion of heal wounds
 B - 5 potions of lignification
 G - 2 potions of might
 R - a potion of brilliance
Comestibles
 f - 6 bread rations
 j - 12 fruits
 u - 6 royal jellies
 v - 6 meat rations
 A - 11 chunks of flesh


   Skills:
 - Level 10.0 Fighting
 - Level 16.0 Axes
 - Level 10.0 Armour
 - Level 5.0 Stealth
 + Level 13.5 Shields
 + Level 13.2 Invocations


You had 13 spell levels left.
You didn't know any spells.

Dungeon Overview and Level Annotations

Branches:
Dungeon (10/15)            Temple (1/1) D:7            Lair (6/6) D:10
  Swamp (0/4) Lair:2       Spider (0/4) Lair:4        Slime (0/5) Lair:5
    Orc: D:9-12

Altars:
Ashenzari
Cheibriados
Dithmenos
Elyvilon
Fedhas
Gozag
Hepliaklqana
Kikubaaqudgha
Makhleb
Nemelex Xobeh
Okawaru
Qazlal
Ru
Sif Muna
Trog
Uskayaw
Vehumet
Xom
Yredelemnul
Zin
The Shining One
Jiyva

Annotations:
D:10 Erolcha


Message History

The catoblepas breathes a plume of calcifying dust at you.
The blast of calcifying dust hits you!
The blast of calcifying dust hits the death yak.
The death yak gores you but does no damage.
You are engulfed in calcifying dust.
The death yak is no longer paralysed.
The death yak gores you!!
* * * LOW HITPOINT WARNING * * *
The death yak is engulfed in calcifying dust.
The death yak is moving more slowly.
The death yak gores you.
* * * LOW HITPOINT WARNING * * *
The death yak gores you!
* * * LOW HITPOINT WARNING * * *
The catoblepas gores you!
* * * LOW HITPOINT WARNING * * *
The death yak gores you but does no damage.
You are engulfed in calcifying dust.
The death yak gores you but does no damage.
The death yak is engulfed in calcifying dust.
The death yak stops moving altogether!
The death yak gores you!
You die...

## #.##
##..P########
#.P.........###
#..P..##P..P..##
##.§Y@Y##......##
#.#YYY.###....P#
#### #.
#......###...###P.#
#.
#.....÷..#..÷.##...
#.
.......8.##.÷..##..
#
#....##....#.....#..
#..### #.8.#...P.#..
#÷. ...#....P#..
##....#..


You could see 4 death yaks and a catoblepas.

Vanquished Creatures
  Gastronok (D:8)
  A minotaur (Lab)
  A fire dragon (Lair:4)
  Harold (Lair:3)
  A centaur warrior (D:5)
  6 hydras
  3 two-headed ogres
  2 death yaks (Lair:6)
  2 necromancers (Lair:5)
  3 black mambas
  12 elephants
  Maurice (D:9)
  17 spiny frogs
  4 komodo dragons
  A rime drake (Lair:4)
  The ghost of manyhoops the Cudgeler, an amateur OgHu (D:4)
  2 polar bears
  14 blink frogs
  5 hippogriffs
  A hornet (D:7)
  A wraith (D:5)
  20 yaks
  Grum (D:9)
  4 basilisks
  A steam dragon (Lair:4)
  Edmund (D:4)
  Menkaure (D:4)
  A swamp worm (Lair:2)
  5 porcupines
  14 water moccasins
  Duvessa (D:5)
  An orc warrior (D:9)
  2 sky beasts
  A black bear (Lair:6)
  An elephant zombie (Lair:5)
  A phantom (D:10)
  5 ogres
  18 wolves
  3 centaurs
  7 crocodiles
  4 big kobolds
  A wyvern zombie (D:7)
  13 bullfrogs
  Dowan (D:5)
  A gnoll sergeant (D:5)
  4 scorpions
  4 howler monkeys
  6 electric eels
  A bullfrog zombie (D:10)
  3 crimson imps
  2 jellies
  A basilisk zombie (Lair:5)
  3 orc priests
  4 bullfrog skeletons
  2 orc wizards
  2 gnoll shamans (D:5)
  3 hounds
  5 iguanas
  5 polar bear simulacra (Lair:5)
  7 worker ants
  Natasha (thrice) (D:4)
  2 yak simulacra (Lair:5)
  2 wolf simulacra (Lair:5)
  A crocodile zombie (Lair:5)
  A hound zombie (D:5)
  2 hound skeletons
  A worker ant zombie (D:5)
  18 gnolls
  A howler monkey skeleton (D:7)
  6 adders
  A shadow imp (D:10)
  An adder zombie (D:6)
  An adder skeleton (D:6)
  3 worms
  2 dart slugs (D:1)
  5 leopard geckos
  22 orcs
  3 giant cockroaches
  41 goblins
  29 hobgoblins
  11 jackals
  21 kobolds
  2 quokkas
  A ball python (D:4)
  6 bats
  8 frilled lizards
  A jackal zombie (D:5)
  7 rats
  2 river rat simulacra (Lair:5)
  2 fungi
  4 plants
450 creatures vanquished.

Vanquished Creatures (others)
  2 fungi
  3 plants
5 creatures vanquished.

Grand Total: 455 creatures vanquished

Notes
Turn   | Place    | Note
-------+----------+-------------------------------------------
     0 | D:1      | anfisbena the Hill Orc Fighter began the quest for the Orb.
     0 | D:1      | Reached XP level 1. HP: 19/19 MP: 1/1
    65 | D:1      | Reached skill level 3 in Axes
   126 | D:1      | Reached XP level 2. HP: 27/27 MP: 2/2
   720 | D:1      | Reached XP level 3. HP: 33/33 MP: 3/3
   860 | D:1      | Reached skill level 4 in Axes
  1324 | D:2      | Found a blossoming altar of Fedhas.
  1712 | D:3      | Reached XP level 4. HP: 37/41 MP: 4/4
  1754 | D:3      | Noticed an ogre
  1761 | D:3      | Killed an ogre
  1761 | D:3      | Reached skill level 5 in Fighting
  1761 | D:3      | Reached skill level 5 in Axes
  1761 | D:3      | Reached XP level 5. HP: 27/48 MP: 5/5
  2081 | D:3      | Found a bloodstained altar of Trog.
  2575 | D:4      | Noticed Natasha
  2577 | D:4      | Killed Natasha
  2581 | D:4      | Noticed manyhoops's ghost (amateur OgHu)
  2581 | D:4      | Reached skill level 6 in Axes
  2583 | D:4      | Reached XP level 6. HP: 46/57 MP: 6/6
  2603 | D:4      | Killed manyhoops's ghost
  2603 | D:4      | Reached skill level 7 in Axes
  2603 | D:4      | Reached XP level 7. HP: 26/64 MP: 7/7
  2618 | D:4      | Found a shadowy altar of Dithmenos.
  2990 | D:4      | Reached skill level 8 in Axes
  3119 | D:4      | Noticed Edmund
  3157 | D:4      | Killed Edmund
  3236 | D:4      | Noticed Natasha
  3240 | D:4      | Killed Natasha
  3367 | D:4      | Noticed Natasha
  3373 | D:4      | Killed Natasha
  3373 | D:4      | Reached XP level 8. HP: 74/74 MP: 8/8
  3411 | D:4      | Noticed Menkaure
  3416 | D:4      | Killed Menkaure
  3536 | D:4      | Reached skill level 9 in Axes
  3923 | D:5      | Entered Level 5 of the Dungeon
  4004 | D:5      | Found a snail-covered altar of Cheibriados.
  4004 | D:5      | Found a glowing silver altar of Zin.
  4004 | D:5      | Found a sparkling altar of Nemelex Xobeh.
  4006 | D:5      | Noticed a centaur warrior
  4008 | D:5      | Found a transporter.
  4009 | D:5      | Noticed a wraith
  4081 | D:5      | Found a transporter.
  4127 | D:5      | Noticed Dowan
  4128 | D:5      | Noticed Duvessa
  4181 | D:5      | Killed Duvessa
  4196 | D:5      | Killed Dowan
  4829 | D:5      | Reached skill level 10 in Axes
  5833 | D:5      | Reached skill level 10 in Fighting
  5833 | D:5      | Reached XP level 9. HP: 85/85 MP: 9/9
  6723 | D:6      | Reached skill level 11 in Axes
  6802 | D:6      | Found a hazy altar of Hepliaklqana.
  7187 | D:6      | Found an opulent altar of Gozag.
  7750 | D:7      | Found a staircase to the Ecumenical Temple.
  7783 | Temple   | Entered the Ecumenical Temple
  7937 | D:7      | Reached skill level 5 in Armour
  7942 | D:7      | Reached skill level 5 in Shields
  8147 | D:7      | Noticed a hornet
  8157 | D:7      | Killed a hornet
  9163 | D:8      | Noticed Gastronok
  9183 | D:8      | Killed Gastronok
  9183 | D:8      | Reached skill level 12 in Axes
  9183 | D:8      | Reached XP level 10. HP: 51/93 MP: 10/10
  9756 | D:8      | Found a hide-covered altar of Uskayaw.
  9763 | D:8      | Found a bloodstained altar of Trog.
  9773 | D:8      | Became a worshipper of Uskayaw the Reveler
 10037 | D:9      | Noticed Maurice
 10047 | D:9      | Reached * piety under Uskayaw
 10059 | D:9      | Reached ** piety under Uskayaw
 10116 | D:9      | Killed Maurice
 10116 | D:9      | Reached *** piety under Uskayaw
 10328 | D:9      | Found a deep blue altar of Sif Muna.
 10436 | D:9      | Noticed a two-headed ogre
 10452 | D:9      | Killed a two-headed ogre
 10452 | D:9      | Reached skill level 13 in Axes
 10707 | D:9      | Noticed Grum
 10714 | D:9      | Reached **** piety under Uskayaw
 10718 | D:9      | Reached ***** piety under Uskayaw
 10720 | D:9      | Killed Grum
 10871 | D:9      | Noticed a two-headed ogre
 10881 | D:9      | Killed a two-headed ogre
 10881 | D:9      | Reached XP level 11. HP: 78/99 MP: 11/11
 11183 | D:10     | Entered Level 10 of the Dungeon
 11395 | D:10     | Noticed a death yak
 11395 | D:10     | Noticed a death yak
 11395 | D:10     | Noticed Erolcha
 11397 | D:10     | Noticed a death yak
 11399 | D:10     | Noticed a death yak
 11404 | D:10     | Noticed a death yak
 11408 | D:10     | Found a staircase to the Lair.
 11804 | D:5      | Killed a centaur warrior
 11804 | D:5      | Reached skill level 14 in Axes
 12295 | D:6      | HP: 4/99 [electric eel/bolt of electricity (11)]
 12796 | D:10     | Noticed a two-headed ogre
 12803 | D:10     | Killed a two-headed ogre
 12843 | Lair:1   | Entered Level 1 of the Lair of Beasts
 12871 | Lair:1   | Found a labyrinth entrance.
 12902 | Lab      | Entered a labyrinth
 13163 | Lab      | Noticed a minotaur
 13176 | Lab      | Killed a minotaur
 13192 | Lab      | Identified Tanykhe's Catalogue of Bewitching Companions
 13575 | Lair:1   | Reached skill level 10 in Armour
 13622 | Lair:1   | Reached skill level 10 in Shields
 13700 | Lair:1   | Reached skill level 1 in Invocations
 13818 | Lair:1   | Reached skill level 15 in Axes
 13818 | Lair:1   | Reached skill level 1 in Stealth
 14183 | Lair:1   | Reached XP level 12. HP: 102/106 MP: 13/13
 14279 | Lair:1   | Noticed a seven-headed hydra
 14292 | Lair:1   | Killed a two-headed hydra
 14739 | Lair:2   | Found a staircase to the Swamp.
 15619 | Lair:2   | Reached skill level 5 in Invocations
 16447 | Lair:3   | Noticed Harold
 16463 | Lair:3   | Killed Harold
 16480 | Lair:3   | HP: 2/106 [blink frog (12)]
 16904 | Lair:3   | Reached skill level 16 in Axes
 17495 | Lair:3   | Reached skill level 5 in Stealth
 18110 | Lair:4   | Reached XP level 13. HP: 77/113 MP: 19/19
 18446 | Lair:4   | Found a hole to the Spider Nest.
 18497 | Lair:4   | Noticed a fire dragon
 18516 | Lair:4   | Killed a fire dragon
 19189 | Lair:5   | Found a viscous altar of Jiyva.
 19189 | Lair:5   | Found a staircase to the Slime Pits.
 19395 | Lair:5   | Reached skill level 10 in Invocations
 20776 | Lair:6   | Entered Level 6 of the Lair of Beasts
 21660 | Lair:6   | Reached XP level 14. HP: 113/121 MP: 23/23
 21938 | Lair:6   | HP: 1/121 [catoblepas (8)]
 21939 | Lair:6   | Slain by a death yak

Skill      XL: |  1  2  3  4  5  6  7  8  9 10 11 12 13 14 |
---------------+-------------------------------------------+-----
Axes           | 3 4 5 6 7 8 10 12 13 15 16 | 16.0
Fighting       | 4 5 6 8 10 | 10.0
Armour         | 7 8 10 | 10.0
Shields        | 7 8 10 13 | 13.5
Invocations    | 2 8 12 13 | 13.2
Stealth        | 1 5 |  5.0

Action                   |  1- 3 |  4- 6 |  7- 9 | 10-12 | 13-15 || total
-------------------------+-------+-------+-------+-------+-------++-------
Melee: War axe           |   123 |    81 |   474 |   550 |   303 ||  1531
  Use: Potion            |       |     3 |     2 |     5 |       ||    10
       Scroll            |       |       |       |    19 |     4 ||    23
 Stab: Sleeping          |       |       |     3 |    15 |    12 ||    30
       Paralysed         |       |       |       |    39 |    23 ||    62
       Distracted        |       |       |       |     1 |     1 ||     2
       Petrified         |       |       |       |       |     2 ||     2
  Eat: Chunk             |     3 |     3 |    18 |    25 |    10 ||    59
       Fruit             |       |       |     3 |     5 |     2 ||    10
Armor: Scale mail        |    75 |    25 |   176 |   205 |    84 ||   565
       Fire dragon scale |       |       |       |       |    13 ||    13
Dodge: Dodged            |    42 |    27 |   129 |   114 |    55 ||   367
Block: Shield            |    69 |    45 |   215 |   235 |   181 ||   745
